Map: Lightshade LE

Players

ArT

  • Race: Protoss Protoss

LiquidMaNa (MaNa) - Winner!

  • Race: Protoss Protoss
  • League: Grandmaster

Event: DreamHack SC2 Masters 2021 Summer

VOD

Have the link to the VOD?

Description

Time

  • Played on: May 30, 2021, 2:04 p.m.
  • Length: 9:39

All games in this series

Show
View Real Time Build Order
Export as new Build Order

ArT Protoss 

Build Orders: Phoenix Opening, Blink Stalkers 

Get SALT Encoding   

  12  0:00  Probe  
  13  0:12  Probe  
  14  0:17  Pylon  
  14  0:25  Probe (Chrono Boost)  
  15  0:37  Probe (Chrono Boost)  
  15  0:38  Gateway  
  16  0:44  Probe (Chrono Boost)  
  16  0:46  Assimilator  
  17  0:51  Probe  
  18  0:58  Assimilator  
  18  1:03  Probe (Chrono Boost)  
  19  1:09  Gateway  
  19  1:13  Probe (Chrono Boost)  
  20  1:19  Probe  
  21  1:26  Cybernetics Core  
  21  1:31  Probe  
  22  1:38  Pylon  
  22  1:43  Probe  
  23  1:56  Probe  
  23  2:01  Warp Gate (Chrono Boost)  
  24  2:03  Stalker x2  
  28  2:15  Pylon  
  28  2:32  Pylon  
  28  2:34  Sentry  
  28  2:36  Sentry  
  31  2:48  Nexus  
  31  2:51  Probe  
  32  2:57  Shield Battery  
  32  3:05  Sentry  
  34  3:06  Probe  
  34  3:09  Phoenix  
  34  3:12  Pylon  
  35  3:18  Probe  
  36  3:24  Twilight Council  
  36  3:30  Probe  
  37  3:43  Stalker x2  
  37  3:48  Probe  
  42  3:58  Probe, Blink (Chrono Boost)  
  42  3:59  Phoenix  
  42  4:00  Probe  
  44  4:07  Probe  
  44  4:13  Probe (Chrono Boost)  
  46  4:20  Probe (Chrono Boost)  
  46  4:22  Forge  
  48  4:25  Probe (Chrono Boost)  
  49  4:31  Probe (Chrono Boost), Robotics Facility  
  49  4:32  Probe (Chrono Boost)  
  50  4:40  Probe  
  50  4:42  Probe  
  50  4:43  Pylon  
  52  4:52  Probe  
  53  4:53  Protoss Ground Weapons Level 1 (Chrono Boost)  
  53  4:56  Probe  
  53  4:59  Gateway  
  54  5:00  Gateway  
  54  5:04  Probe  
  54  5:06  Assimilator  
  55  5:08  Phoenix  
  55  5:09  Probe  
  56  5:15  Stalker x2  
  56  5:18  Probe  
  56  5:19  Observer  
  62  5:21  Probe  
  62  5:22  Pylon  
  63  5:28  Pylon  
  63  5:44  Probe x2, Nexus  
  63  5:46  Pylon  
  65  5:58  Phoenix, Stalker x3  
  65  6:01  Stalker  
  73  6:05  Probe  
  73  6:06  Probe  
  73  6:10  Charge  
  75  6:17  Gateway  
  75  6:18  Probe x2  
  77  6:20  Gateway  
  74  6:34  Stalker x3  
  74  6:35  Stalker  
  74  6:36  Phoenix  
  75  6:41  Probe x2  
  77  6:51  Shield Battery  
  77  6:53  Probe (Chrono Boost)  
  79  6:57  Templar Archives  
  79  6:58  Gateway  
  79  6:59  Probe (Chrono Boost)  
  79  7:01  Probe (Chrono Boost)  
  80  7:02  Phoenix  
  80  7:03  Protoss Ground Weapons Level 2 (Chrono Boost)  
  80  7:04  Probe (Chrono Boost)  
  83  7:08  Probe (Chrono Boost)  
  83  7:09  Probe (Chrono Boost)  
  83  7:13  Probe (Chrono Boost)  
  83  7:15  Probe  
  85  7:18  Immortal  
  89  7:23  Probe, Pylon  
  89  7:25  Probe  
  89  7:27  Assimilator  
  91  7:32  Probe  
  91  7:34  Photon Cannon  
  91  7:35  Probe  
  93  7:38  Probe, Pylon  
  94  7:46  Stalker x3  
  99  7:56  Pylon  
  85  8:03  Stalker x2  
  86  8:09  Probe  
  86  8:10  Probe  
  87  8:16  Warp Prism (Chrono Boost)  
  89  8:20  Probe  
  89  8:21  Probe  
  89  8:26  Probe  
  92  8:32  Probe  
  92  8:34  Probe  
  94  8:38  Probe  
  95  8:44  Probe, High Templar x2, Zealot x2  
  95  8:45  Zealot x2  
  95  8:46  Probe  
  109  8:48  Pylon  
  109  8:50  Archon  
  109  8:55  Pylon  
  107  9:11  Zealot x5  
  104  9:27  Zealot x2  
Show
View Real Time Build Order
Export as new Build Order

LiquidMaNa Protoss - Winner!

Build Orders: Phoenix Opening 

Get SALT Encoding   

  12  0:00  Probe  
  13  0:12  Probe  
  14  0:17  Pylon  
  14  0:24  Probe (Chrono Boost)  
  15  0:36  Probe (Chrono Boost)  
  15  0:37  Gateway  
  16  0:44  Probe (Chrono Boost)  
  16  0:46  Assimilator  
  17  0:51  Probe  
  18  1:03  Probe (Chrono Boost)  
  19  1:04  Assimilator  
  19  1:11  Gateway  
  19  1:13  Probe (Chrono Boost)  
  19  1:17  Probe (Chrono Boost)  
  21  1:25  Cybernetics Core  
  21  1:29  Probe  
  22  1:35  Pylon  
  22  1:42  Probe  
  23  1:54  Probe  
  24  2:02  Warp Gate (Chrono Boost)  
  24  2:04  Stalker x2  
  24  2:06  Probe  
  29  2:14  Pylon  
  29  2:36  Probe  
  30  2:38  Stalker x2  
  33  2:53  Nexus  
  33  2:56  Probe  
  34  3:08  Pylon  
  34  3:09  Sentry x2  
  34  3:11  Probe  
  39  3:26  Probe  
  40  3:29  Twilight Council  
  40  3:38  Probe  
  41  3:43  Forge  
  41  3:44  Phoenix  
  41  3:48  Stalker  
  41  3:49  Stalker  
  41  3:52  Probe  
  46  4:00  Blink (Chrono Boost)  
  46  4:04  Probe  
  46  4:08  Probe  
  48  4:15  Stalker  
  48  4:16  Probe, Phoenix  
  51  4:20  Probe  
  51  4:24  Stalker  
  54  4:28  Probe  
  55  4:32  Probe  
  55  4:37  Protoss Ground Weapons Level 1 (Chrono Boost)  
  56  4:40  Probe  
  56  4:44  Probe  
  58  4:51  Stalker  
  58  4:52  Probe  
  61  4:56  Probe, Pylon  
  62  5:07  Gateway  
  62  5:10  Gateway, Robotics Facility  
  62  5:19  Stalker  
  62  5:20  Phoenix  
  64  5:26  Probe x2  
  64  5:27  Stalker  
  68  5:29  Assimilator  
  68  5:34  Pylon  
  68  5:38  Nexus  
  68  5:39  Phoenix  
  68  5:43  Pylon  
  68  5:52  Probe x2  
  68  5:54  Stalker x2  
  74  6:00  Observer  
  75  6:08  Stalker  
  77  6:12  Stalker  
  77  6:13  Gateway  
  77  6:14  Gateway  
  79  6:21  Stalker  
  81  6:26  Shield Battery, Stalker  
  81  6:31  Shield Battery  
  83  6:32  Stalker  
  85  6:41  Stalker  
  85  6:49  Warp Prism, Pylon  
  85  6:50  Pylon  
  85  6:51  Probe, Pylon  
  85  6:53  Probe  
  89  6:56  Charge (Chrono Boost)  
  89  7:03  Zealot x2  
  89  7:05  Probe  
  89  7:06  Probe  
  95  7:08  Observer, Probe  
  95  7:10  Protoss Ground Weapons Level 2 (Chrono Boost)  
  96  7:18  Zealot  
  96  7:19  Zealot  
  96  7:20  Probe  
  101  7:23  Probe  
  101  7:24  Probe  
  103  7:35  Zealot x4  
  107  8:04  Zealot x5  
  113  8:07  Zealot  
  115  8:14  Photon Cannon  
  115  8:19  Templar Archives  
  115  8:21  Assimilator  
  115  8:22  Probe x2  
  115  8:23  Probe, Assimilator  
  115  8:25  Gateway x2  
  118  8:29  Pylon  
  118  8:32  Observer  
  118  8:34  Probe x2  
  118  8:35  Probe  
  118  8:36  Immortal  
  118  8:39  Pylon  
  125  8:44  Photon Cannon  
  125  8:49  Gateway  
  125  8:51  Gateway  
  125  8:58  High Templar x4  
  125  8:59  Zealot x2  
  137  9:03  Archon  
  137  9:04  Archon  
  137  9:07  Shield Battery  
  137  9:09  Shield Battery  
  133  9:24  Zealot x4  
Tags
 
Add a new tag
Caveats
  • Supply blocks, unpowered buildings, or Contaminate may cause inaccurate times.
  • Supply counts are checked every 10 seconds.